 Dungeon Crawl Stone Soup version 0.19.1 (webtiles) character file.

108 Patate the Sneak (level 4, -1/21 HPs)
             Began as a Spriggan Enchanter on Dec 21, 2016.
             Killed by nerve-wracking pain
             ... invoked by Grinder
              (10 damage)
             ... on level 3 of the Dungeon.
             The game lasted 00:06:14 (2979 turns).

Patate the Sneak (Spriggan Enchanter)               Turns: 2979, Time: 00:06:14

Health: -1/21      AC:  4    Str:  5    XL:     4   Next: 58%
Magic:  7/9        EV: 19    Int: 16    God:
Gold:   53         SH:  0    Dex: 16    Spells: 3 memorised, 2 levels left

rFire  . . .     SeeInvis +     a - +2 dagger
rCold  . . .     Gourm    .     b - +2 robe
rNeg   . . .     Faith    .     (shield restricted)
rPois  +         Spirit   .     (helmet restricted)
rElec  .         Reflect  .     (no cloak)
rCorr  .         Harm     .     (gloves unavailable)
MR     .....                    (boots unavailable)
Stlth  ++++......               (no amulet)
                                (no ring)
                                q - ring of poison resistance

@: very quick
A: unfitting armour, see invisible, herbivore 3, speed 3, slow metabolism 2
a: no special abilities


You were on level 3 of the Dungeon.
You were not hungry.

You visited 1 branch of the dungeon, and saw 3 of its levels.

You collected 53 gold pieces.

Inventory:

Hand Weapons
 a - a +2 dagger (weapon)
Armour
 b - a +2 robe (worn)
Jewellery
 q - a ring of poison resistance (left hand)
Scrolls
 e - 2 scrolls of recharging
 f - a scroll of fear
Potions
 g - 3 potions of curing {unknown}
 h - a potion of berserk rage {unknown}
 i - a potion of brilliance {unknown}
 j - a potion of ambrosia {unknown}
 l - a potion of mutation {unknown}
 n - a potion of invisibility {unknown}
 p - a potion of heal wounds {unknown}
Books
 c - a book of Maledictions

   Spells                             Type                      Level
   a - Corona                         Hexes                        1
   b - Ensorcelled Hibernation        Hexes/Ice                    2
   c - Confuse                        Hexes                        3
   d - Tukima's Dance                 Hexes                        3
   e - Dazzling Spray                 Conjuration/Hexes            3
Comestibles
 d - 4 bread rations
 k - a royal jelly


   Skills:
 + Level 2.4 Short Blades
 + Level 4.3 Dodging
 * Level 6.8 Stealth
 - Level 2.6 Spellcasting
 - Level 3.6 Hexes


You had 2 spell levels left.
You knew the following spells:

 Your Spells              Type           Power        Failure   Level  Hunger
a - Corona                Hex            ##.....      6%          1    #......
b - Confuse               Hex            ##......     14%         3    ###....
c - Ensorcelled Hibernat  Hex/Ice        #.....       17%         2    ##.....


Dungeon Overview and Level Annotations

Branches:
Dungeon (3/15)

Altars:

Annotations:
D:3 Grinder


Innate Abilities, Weirdness & Mutations

You are very small and have problems with some larger weapons.
You are too small for most types of armour.
You have supernaturally acute eyesight. (SInv)
You are a herbivore.
You cover ground extremely quickly.
You need consume almost no food.


Message History

Grinder is lightly wounded.
The adder bites you.
You hit Grinder.
Grinder is lightly wounded.
Grinder hits the adder.
The adder writhes in agony.
The adder barely misses you.
Grinder seems less confused.
The adder completely misses you.
You hit the adder.
You kill the adder!
Grinder closely misses you.
You hit Grinder but do no damage.
Grinder is lightly wounded.
Grinder barely misses you.
You barely miss Grinder.
Grinder is lightly wounded.
Grinder gestures at you. Pain shoots through your body!
Grinder gestures at you. Pain shoots through your body!
You die...

# #. ### #.. ..# . #.#########
#.# #. ####### #..#......# #.# ..
......#.#......##.### #.# .#
..[.....#..#...##.).####?##..####
)<.....$..!..5..@.).......).....>
#######.#....†.####.##$####.#####
........#.#.......#.##)# #
#..............#.##.##.#
#.###.....#..###.##.##.# #.#
#.#####.. ....##.# #.# #.# ....
######.# #.# #.# #.### #.# #.#
#.# #. #.#


You could see Grinder.

Vanquished Creatures
  Terence (D:2)
  4 adders
  A worm (D:3)
  2 dart slugs
  2 orcs
  7 bats
  A giant cockroach (D:2)
  5 goblins
  8 hobgoblins
  4 kobolds
  A quokka (D:2)
  A ball python (D:1)
  3 frilled lizards (D:1)
  5 rats
45 creatures vanquished.

Notes
Turn   | Place    | Note
-------+----------+-------------------------------------------
     0 | D:1      | Patate the Spriggan Enchanter began the quest for the Orb.
     0 | D:1      | Reached XP level 1. HP: 9/9 MP: 5/5
   933 | D:1      | Reached XP level 2. HP: 6/13 MP: 6/6
  1676 | D:1      | Reached skill level 5 in Stealth
  1848 | D:2      | Reached XP level 3. HP: 16/16 MP: 8/8
  2502 | D:1      | Reached skill level 6 in Stealth
  2555 | D:2      | Noticed Terence
  2581 | D:1      | Learned a level 3 spell: Confuse
  2584 | D:1      | Learned a level 2 spell: Ensorcelled Hibernation
  2805 | D:2      | Killed Terence
  2805 | D:2      | Reached XP level 4. HP: 21/21 MP: 6/9
  2955 | D:3      | Noticed Grinder
  2979 | D:3      | Killed from afar by Grinder

Skill      XL: |  1  2  3 |
---------------+----------+-----
Stealth        | 5 6 |  6.8
Short Blades   | 2 |  2.4
Dodging        | 4 |  4.3
Spellcasting   | |  2.6
Hexes          | |  3.6

Action                   |  1- 3 |  4- 6 || total
-------------------------+-------+-------++-------
Melee: Dagger            |   157 |    27 ||   184
 Cast: Ensorcelled Hiber |     1 |     1 ||     2
       Confuse           |       |     1 ||     1
  Use: Scroll            |     3 |     2 ||     5
 Stab: Sleeping          |     8 |     2 ||    10
       Distracted        |     1 |       ||     1
Armor: Robe              |    20 |     1 ||    21
Dodge: Dodged            |   130 |    14 ||   144
